 Dungeon Crawl Stone Soup version 0.30-a0-840-ga523dec638 (webtiles) character file.

Game seed: 3401418563437414989

224 cforsyth the Sneak (level 6, -1/38 HPs)
             Began as a Kobold Brigand on Mar 2, 2023.
             Killed from afar by Robin (23 damage)
             ... with a bolt of light
             ... on level 2 of the Dungeon.
             The game lasted 00:03:21 (1652 turns).

cforsyth the Sneak (Kobold Brigand)                 Turns: 1652, Time: 00:03:22

Health: -1/38      AC:  4    Str:  9    XL:     6   Next: 20%
Magic:  6/6        EV: 16    Int: 12    God:
Gold:   52         SH:  0    Dex: 18    Spells: 5/5 levels left

rFire   . . .      SeeInvis .    a - +2 dagger
rCold   . . .      Faith    .    (no shield)
rNeg    . . .      Spirit   .    b - +0 robe
rPois   .          Reflect  .    (no helmet)
rElec   .          Harm     .    c - +0 cloak
rCorr   .          Rampage  .    p - +0 pair of gloves
Will    +....                    (no boots)
Stlth   +++++                    (no amulet)
HPRegen 0.26/turn                m - ring of willpower
MPRegen 0.10/turn                (no ring)

@: no status effects
A: small, no large weapons, nightstalker 3
a: no special abilities


You were on level 2 of the Dungeon.
You visited 1 branch of the dungeon, and saw 2 of its levels.

You collected 52 gold pieces.

Inventory:

Hand Weapons
 a - a +2 dagger (weapon)
 u - a +1 dagger of venom
Missiles
 d - 14 poisoned darts (quivered)
 e - 3 curare-tipped darts
Armour
 b - a +0 robe (worn)
 c - a +0 cloak (worn)
 p - a +0 pair of gloves (worn)
Jewellery
 m - a ring of willpower (left hand)
 r - a ring of resist corrosion
Wands
 s - a wand of digging (3)
Scrolls
 f - a scroll of enchant armour {unknown}
 g - a scroll of teleportation {unknown}
 l - 3 scrolls of identify {unknown}
 n - a scroll of fog {unknown}
 o - a scroll of vulnerability {unknown}
 q - a scroll of blinking {unknown}
Potions
 h - a potion of curing
 i - a potion of mutation {unknown}
 j - 2 potions of degeneration {unknown}
 k - 2 potions of magic {unknown}
 t - a potion of ambrosia {unknown}


   Skills:
 + Level 3.7 Fighting
 + Level 4.6 Short Blades
 - Level 2.1 Throwing
 + Level 3.4 Dodging
 + Level 6.7 Stealth


You had 5 spell levels left.
You didn't know any spells.
Your spell library contained the following spells:

 Spells                   Type           Power      Damage    Failure   Level
 Ensorcelled Hibernation  Hex/Ice        0%         N/A       45%         2
 Spider Form              Tmut/Pois      0%         N/A       69%         3
 Anguish                  Hex/Necr       0%         N/A       97%         4


Dungeon Overview and Level Annotations

Branches:
Dungeon (2/15)

Altars:

Annotations:
D:2 Robin


Innate Abilities, Weirdness & Mutations

You are small and have problems with some larger weapons.
You are completely attuned to the shadows.


Message History

You hit Robin.
Robin is moderately wounded.
Robin hits you with a +0 dagger. The hobgoblin closely misses you.
The goblin closely misses you.
You barely miss Robin.
Robin is moderately wounded.
You hit Robin.
Robin is heavily wounded.
Robin completely misses you. The hobgoblin closely misses you.
The goblin barely misses you.
You hit Robin.
Robin is almost dead.
Robin hits you but does no damage.
The hobgoblin hits you but does no damage.
The goblin hits you with a +0 dagger.
You closely miss Robin.
Robin is almost dead.
Robin closely misses you. The hobgoblin closely misses you.
The goblin barely misses you.
You hit Robin.
Robin is almost dead.
You hit Robin but do no damage.
Robin is almost dead.
Robin hits you with a +0 dagger. The hobgoblin completely misses you.
The goblin hits you with a +0 dagger.
You barely miss Robin.
Robin is almost dead.
Robin hits you but does no damage. The hobgoblin misses you.
The goblin misses you.
You hit Robin but do no damage.
Robin is almost dead.
Robin hits you but does no damage. The hobgoblin completely misses you.
The goblin closely misses you.
You hit Robin but do no damage.
Robin is almost dead.
You barely miss Robin.
Robin is almost dead.
Robin zaps a wand.
The bolt of light hits you!!
Ouch! That really hurt!
You die...

#.)..# #.##g..........
#....#### #.###g.........
#...g...###.# #g>....†...
#g....^.....# #.†.......[
#..g.##....## #..........
#.#######.)#####.......>#
##......##....##..[.......
#...###...g....#..........
#.........@g##.g#..........
#..?.g.#.)g)###............
...###.#...............
##.....#....####.......
..........# ##.#<..
##..####..# .##....## ...#
#..# .....#...# ### ...#
###.....#.# ........#.#


You could see Robin, a hobgoblin (strong) and a goblin (strong).

Vanquished Creatures
  Sigmund (D:2)
  2 adders (D:2)
  A worm (D:2)
  2 dart slugs (D:1)
  3 ball pythons
  3 endoplasms
  A giant cockroach (D:1)
  8 hobgoblins
  4 jackals
  5 bats
  3 frilled lizards
  7 goblins
  2 kobolds
  5 rats
47 creatures vanquished.

Notes
Turn   | Place    | Note
-------+----------+-------------------------------------------
     0 | D:1      | cforsyth the Kobold Brigand began the quest for the Orb.
     0 | D:1      | Reached XP level 1. HP: 12/12 MP: 1/1
   120 | D:1      | Reached XP level 2. HP: 18/18 MP: 2/2
   588 | D:1      | Reached XP level 3. HP: 22/22 MP: 3/3
  1159 | D:2      | Noticed Sigmund
  1161 | D:2      | Killed Sigmund
  1162 | D:2      | Reached skill level 6 in Stealth
  1162 | D:2      | Reached XP level 4. HP: 28/28 MP: 4/4
  1162 | D:2      | Reached XP level 5. HP: 32/32 MP: 5/5
  1196 | D:2      | Reached XP level 6. HP: 37/37 MP: 6/6
  1247 | D:2      | Noticed Robin
  1652 | D:2      | Killed from afar by Robin

Illustrated notes

Levels and vault maps discovered:
D:1:      dpeg_arrival_pits, layout_basic, chequers_jeans
D:2:      layout_rooms, minmay_misc_feat_columns, uniq_sigmund, uniq_robin

Skill      XL: |  1  2  3 |
---------------+----------+-----
Short Blades   | 3 4 |  4.6
Dodging        | 3 |  3.4
Fighting       | 3 |  3.7
Stealth        | 6 |  6.7
Throwing       | |  2.1

Action                     |  1- 3 |  4- 6 || total
---------------------------+-------+-------++-------
  Melee: Dagger            |    62 |    58 ||   120
    Use: Potion            |       |     1 ||     1
   Stab: Sleeping          |    20 |     6 ||    26
 Armour: Robe              |     9 |    20 ||    29
  Dodge: Dodged            |    21 |    60 ||    81

Table legend: (Time is in decaauts)
 A = Elapsed time spent in this place.
 B = Non-inter-level travel time spent in this place.
 C = Inter-level travel time spent in this place.
 D = Time resting spent in this place.
 E = Time spent auto-exploring this place.
 F = Levels seen in this place.
 G = Mean time per level.
                   A        B        C        D        E       F      G
               +--------+--------+--------+--------+--------+-----+--------+
         Total |   1628 |   1605 |     23 |    435 |    862 |   2 |  814.0 |
       Dungeon |   1628 |   1605 |     23 |    435 |    862 |   2 |  814.0 |
               +--------+--------+--------+--------+--------+-----+--------+

Top non-repeatable levels by time:
     D:1: 1171 daAuts
     D:2: 457 daAuts
